[ PARTIDA AOE2 · #495939405 ]
UnrankedPolacos vs Burmese
Equipo del jugador · DERR
Equipo rival · VICT
[ ANÁLISIS DE REPETICIÓN · EXTRAÍDO DE LA PARTIDA GRABADA ]
Feudal
10:56
Castillos
24:08
Imperial
—
| APM promedio | 35.1 |
| APM pico | 64 |
| eAPM promedio | 20.6 |
| Aldeanos / militares | 88 / 2 |
Foco
⚔️ 29.9% · 🌾 70.1%
Fishing Ship ×21 · Knight ×1 · Mangonel ×1
Feudal
11:19
Castillos
18:57
Imperial
33:24
| APM promedio | 33.4 |
| APM pico | 59 |
| eAPM promedio | 16.1 |
| Aldeanos / militares | 71 / 65 |
Foco
⚔️ 29.6% · 🌾 70.4%
Militia ×38 · Arambai ×13 · Fishing Ship ×12 · Battering Ram ×5 · Archer ×3 · Spearman ×2
Mapa de la partida
Recursos iniciales + cada clic de construcción. Líneas = muros · curvas = relieve. ◆ oro · ⬟ piedra · ● bayas · ✦ reliquia · ◌ hueco del cierre
Tu base· Abierta — hueco de 7t
Base de AnG22· Abierta — flanco sin cerrar
Terreno inicial suavizado · ◌ = hueco del cierre detectado · pasá el cursor para detalles
Inputs por minuto
— Ie cuack - - AnG22
Build order — Ie cuack
Primeras 150 de 242 acciones detectadas
| 0:00 | Crear | Villager (Male) |
| 0:01 | Crear | Villager (Male) |
| 0:01 | Crear | Villager (Male) |
| 0:01 | Crear | Villager (Male) |
| 0:02 | Construir | House |
| 0:04 | Construir | House |
| 1:44 | Crear | Villager (Male) |
| 1:57 | Construir | Lumber Camp |
| 2:02 | Crear | Villager (Male) |
| 2:22 | Crear | Villager (Male) |
| 2:52 | Crear | Villager (Male) |
| 3:22 | Crear | Villager (Male) |
| 3:45 | Crear | Villager (Male) |
| 3:54 | Construir | House |
| 3:57 | Construir | House |
| 4:21 | Crear | Villager (Male) |
| 4:21 | Crear | Villager (Male) |
| 4:22 | Crear | Villager (Male) |
| 4:28 | Construir | Dock |
| 4:55 | Construir | Palisade Wall |
| 5:18 | Crear | Villager (Male) |
| 5:19 | Crear | Villager (Male) |
| 5:19 | Crear | Villager (Male) |
| 5:22 | Crear | Fishing Ship |
| 5:57 | Crear | Villager (Male) |
| 5:57 | Crear | Villager (Male) |
| 6:09 | Crear | Fishing Ship |
| 6:28 | Construir | Palisade Wall |
| 6:29 | Construir | Palisade Wall |
| 6:32 | Construir | Palisade Wall |
| 6:36 | Crear | Villager (Male) |
| 6:40 | Construir | House |
| 7:04 | Construir | Palisade Wall |
| 7:27 | Crear | Villager (Male) |
| 7:28 | Crear | Villager (Male) |
| 7:31 | Crear | Fishing Ship |
| 7:59 | Construir | Mill |
| 8:02 | Crear | Villager (Male) |
| 8:06 | Investigar | Loom |
| 8:28 | Construir | Palisade Wall |
| 8:41 | Construir | Palisade Wall |
| 8:42 | Construir | Palisade Wall |
| 8:44 | Construir | Palisade Wall |
| 8:47 | Investigar | Feudal Age |
| 9:12 | Construir | Palisade Wall |
| 9:20 | Crear | Fishing Ship |
| 9:20 | Crear | Fishing Ship |
| 9:37 | Construir | Palisade Wall |
| 10:08 | Construir | House |
| 10:12 | Crear | Villager (Male) |
| 10:27 | Construir | Mining Camp |
| 10:31 | Construir | House |
| 10:41 | Crear | Villager (Male) |
| 10:47 | Crear | Fishing Ship |
| 10:56 | Edad | Edad Feudal |
| 11:27 | Construir | House |
| 11:30 | Crear | Fishing Ship |
| 11:31 | Crear | Fishing Ship |
| 11:32 | Crear | Villager (Male) |
| 11:55 | Construir | Dock |
| 11:58 | Crear | Villager (Male) |
| 12:02 | Investigar | Double-Bit Axe |
| 12:35 | Construir | Watch Tower |
| 12:54 | Crear | Villager (Male) |
| 12:55 | Crear | Villager (Male) |
| 13:21 | Construir | Stone Wall |
| 13:24 | Investigar | Horse Collar |
| 13:25 | Crear | Villager (Male) |
| 13:27 | Construir | House |
| 13:30 | Crear | Villager (Male) |
| 13:41 | Crear | Villager (Male) |
| 13:54 | Crear | Villager (Male) |
| 14:15 | Crear | Villager (Male) |
| 14:17 | Crear | Fishing Ship |
| 14:18 | Crear | Fishing Ship |
| 14:20 | Crear | Villager (Male) |
| 14:22 | Construir | Farm |
| 14:26 | Construir | Farm |
| 14:28 | Construir | Farm |
| 14:30 | Construir | Farm |
| 14:38 | Construir | Farm |
| 14:39 | Crear | Villager (Male) |
| 14:49 | Crear | Villager (Male) |
| 14:51 | Construir | Farm |
| 14:53 | Construir | Farm |
| 15:09 | Crear | Villager (Male) |
| 15:20 | Crear | Villager (Male) |
| 15:30 | Crear | Villager (Male) |
| 15:33 | Construir | Barracks |
| 15:52 | Crear | Villager (Male) |
| 16:13 | Crear | Fishing Ship |
| 16:13 | Crear | Fishing Ship |
| 16:17 | Crear | Fishing Ship |
| 16:17 | Crear | Fishing Ship |
| 16:19 | Construir | House |
| 16:37 | Construir | Stone Wall |
| 16:46 | Crear | Villager (Male) |
| 16:50 | Construir | Watch Tower |
| 16:59 | Crear | Villager (Male) |
| 17:00 | Construir | Archery Range |
| 17:06 | Crear | Fishing Ship |
| 17:08 | Construir | House |
| 17:09 | Crear | Villager (Male) |
| 17:57 | Construir | Stone Wall |
| 18:42 | Construir | Stone Wall |
| 18:47 | Crear | Villager (Male) |
| 18:54 | Construir | Dock |
| 19:08 | Construir | Watch Tower |
| 19:10 | Construir | Watch Tower |
| 19:34 | Construir | Gate |
| 19:37 | Construir | Stone Wall |
| 19:39 | Crear | Villager (Male) |
| 19:51 | Construir | Blacksmith |
| 20:06 | Construir | Watch Tower |
| 20:14 | Construir | House |
| 20:21 | Construir | Watch Tower |
| 20:24 | Construir | Watch Tower |
| 20:36 | Construir | Palisade Wall |
| 20:37 | Construir | Palisade Wall |
| 21:19 | Construir | Watch Tower |
| 21:20 | Investigar | Fletching |
| 21:23 | Crear | Villager (Male) |
| 21:28 | Investigar | Castle Age |
| 21:41 | Construir | Stone Wall |
| 21:42 | Construir | Stone Wall |
| 21:47 | Crear | Fishing Ship |
| 21:48 | Crear | Fishing Ship |
| 21:48 | Crear | Fishing Ship |
| 21:51 | Crear | Fishing Ship |
| 21:52 | Crear | Fishing Ship |
| 21:53 | Construir | House |
| 22:21 | Crear | Villager (Male) |
| 23:02 | Construir | Stone Wall |
| 23:54 | Construir | Watch Tower |
| 24:02 | Construir | Watch Tower |
| 24:08 | Edad | Edad de los Castillos |
| 24:14 | Investigar | Bodkin Arrow |
| 24:15 | Crear | Villager (Male) |
| 24:28 | Construir | Market |
| 25:21 | Construir | University |
| 25:23 | Crear | Villager (Male) |
| 25:37 | Construir | Town Center |
| 25:45 | Construir | Town Center |
| 25:46 | Crear | Villager (Male) |
| 25:56 | Investigar | Guard Tower (upgrade) |
| 26:14 | Construir | Watch Tower |
| 26:21 | Crear | Villager (Male) |
| 26:23 | Investigar | Bow Saw |
| 26:24 | Crear | Villager (Male) |
| 26:34 | Construir | Stable |
Build order — AnG22
Primeras 150 de 253 acciones detectadas
| 0:02 | Crear | Villager (Male) |
| 0:03 | Crear | Villager (Male) |
| 0:03 | Crear | Villager (Male) |
| 0:04 | Construir | House |
| 0:06 | Construir | House |
| 0:14 | Crear | Villager (Male) |
| 1:44 | Crear | Villager (Male) |
| 1:44 | Crear | Villager (Male) |
| 1:55 | Construir | Lumber Camp |
| 2:05 | Crear | Villager (Male) |
| 2:41 | Crear | Villager (Male) |
| 3:14 | Crear | Villager (Male) |
| 3:14 | Crear | Villager (Male) |
| 3:44 | Construir | House |
| 4:11 | Crear | Villager (Male) |
| 4:35 | Crear | Villager (Male) |
| 4:44 | Construir | Dock |
| 4:57 | Crear | Villager (Male) |
| 5:09 | Crear | Villager (Male) |
| 5:14 | Construir | House |
| 5:27 | Crear | Fishing Ship |
| 5:49 | Construir | House |
| 5:53 | Construir | Palisade Wall |
| 5:53 | Construir | Palisade Wall |
| 6:01 | Crear | Villager (Male) |
| 6:01 | Crear | Villager (Male) |
| 6:02 | Crear | Villager (Male) |
| 6:34 | Construir | Mill |
| 6:57 | Crear | Villager (Male) |
| 7:14 | Crear | Fishing Ship |
| 7:30 | Construir | House |
| 7:33 | Crear | Villager (Male) |
| 7:43 | Crear | Villager (Male) |
| 8:01 | Crear | Fishing Ship |
| 8:15 | Construir | House |
| 8:17 | Construir | Palisade Wall |
| 8:40 | Investigar | Loom |
| 9:09 | Investigar | Feudal Age |
| 9:14 | Construir | Barracks |
| 10:07 | Crear | Militia |
| 10:07 | Crear | Militia |
| 10:15 | Construir | Mining Camp |
| 10:24 | Crear | Fishing Ship |
| 10:37 | Crear | Militia |
| 10:50 | Crear | Militia |
| 10:53 | Crear | Fishing Ship |
| 11:02 | Construir | House |
| 11:19 | Edad | Edad Feudal |
| 11:22 | Construir | Palisade Wall |
| 11:31 | Investigar | Man-at-Arms (upgrade) |
| 11:36 | Construir | Archery Range |
| 11:37 | Crear | Villager (Male) |
| 11:44 | Crear | Villager (Male) |
| 12:11 | Crear | Militia |
| 12:49 | Crear | Villager (Male) |
| 12:50 | Crear | Villager (Male) |
| 12:55 | Crear | Villager (Male) |
| 12:56 | Crear | Fishing Ship |
| 12:57 | Crear | Fishing Ship |
| 12:58 | Crear | Fishing Ship |
| 13:20 | Crear | Villager (Male) |
| 13:22 | Crear | Archer |
| 13:25 | Crear | Fishing Ship |
| 13:29 | Construir | Dock |
| 14:10 | Investigar | Arson |
| 14:14 | Construir | House |
| 14:16 | Construir | House |
| 14:19 | Construir | House |
| 14:20 | Crear | Fishing Ship |
| 14:36 | Crear | Villager (Male) |
| 14:45 | Construir | Market |
| 14:46 | Crear | Archer |
| 15:11 | Construir | House |
| 15:13 | Crear | Archer |
| 15:21 | Crear | Villager (Male) |
| 15:48 | Crear | Villager (Male) |
| 15:56 | Construir | Stable |
| 16:17 | Investigar | Castle Age |
| 16:24 | Construir | Mining Camp |
| 16:48 | Crear | Militia |
| 16:48 | Crear | Militia |
| 16:50 | Crear | Militia |
| 18:19 | Crear | Militia |
| 18:20 | Crear | Militia |
| 18:22 | Crear | Militia |
| 18:28 | Crear | Fishing Ship |
| 18:29 | Crear | Fishing Ship |
| 18:57 | Edad | Edad de los Castillos |
| 19:03 | Crear | Militia |
| 19:17 | Crear | Villager (Male) |
| 19:46 | Construir | Castle |
| 19:57 | Investigar | Squires |
| 19:58 | Investigar | Long Swordsman (upgrade) |
| 20:13 | Construir | Castle |
| 20:31 | Crear | Villager (Male) |
| 20:38 | Construir | Blacksmith |
| 21:19 | Construir | Siege Workshop |
| 21:24 | Construir | Lumber Camp |
| 21:25 | Crear | Villager (Male) |
| 21:26 | Crear | Villager (Male) |
| 21:28 | Crear | Arambai |
| 21:29 | Crear | Arambai |
| 21:45 | Crear | Battering Ram |
| 21:53 | Crear | Villager (Male) |
| 22:02 | Crear | Villager (Male) |
| 22:24 | Crear | Arambai |
| 22:31 | Crear | Battering Ram |
| 22:50 | Crear | Arambai |
| 22:51 | Crear | Villager (Male) |
| 22:53 | Crear | Villager (Male) |
| 23:25 | Crear | Arambai |
| 23:25 | Crear | Arambai |
| 23:56 | Crear | Arambai |
| 23:56 | Crear | Arambai |
| 24:52 | Crear | Villager (Male) |
| 24:53 | Crear | Arambai |
| 24:53 | Crear | Arambai |
| 25:00 | Construir | Farm |
| 25:01 | Construir | Farm |
| 25:01 | Construir | Farm |
| 25:01 | Construir | Farm |
| 25:02 | Construir | Farm |
| 25:02 | Construir | Farm |
| 25:02 | Construir | Farm |
| 25:02 | Construir | Farm |
| 25:03 | Construir | Farm |
| 25:03 | Construir | Farm |
| 25:25 | Construir | Castle |
| 25:28 | Crear | Arambai |
| 25:28 | Crear | Arambai |
| 25:32 | Crear | Villager (Male) |
| 25:32 | Crear | Villager (Male) |
| 25:35 | Crear | Villager (Male) |
| 25:42 | Investigar | Bloodlines |
| 25:44 | Crear | Scout Cavalry |
| 25:44 | Crear | Scout Cavalry |
| 25:51 | Crear | Militia |
| 25:51 | Crear | Militia |
| 25:51 | Crear | Militia |
| 25:57 | Crear | Villager (Male) |
| 26:03 | Crear | Villager (Male) |
| 26:24 | Crear | Arambai |
| 26:32 | Crear | Villager (Male) |
| 26:32 | Crear | Spearman |
| 26:33 | Crear | Spearman |
| 26:56 | Crear | Villager (Male) |
| 26:56 | Crear | Villager (Male) |
| 27:11 | Construir | Mining Camp |
| 27:32 | Crear | Villager (Male) |
| 27:33 | Crear | Militia |
Cronología de la partida
| 4:28 | Ie cuack · first_building Dock |
| 4:44 | AnG22 · first_building Dock |
| 4:55 | Ie cuack · wall_segment Palisade Wall x3 |
| 5:53 | AnG22 · wall_segment Palisade Wall x1 |
| 5:53 | AnG22 · wall_segment Palisade Wall x1 |
| 6:28 | Ie cuack · wall_segment Palisade Wall x1 |
| 6:29 | Ie cuack · wall_segment Palisade Wall x1 |
| 6:32 | Ie cuack · wall_segment Palisade Wall x1 |
| 7:04 | Ie cuack · wall_segment Palisade Wall x5 |
| 8:17 | AnG22 · wall_segment Palisade Wall x1 |
| 8:28 | Ie cuack · wall_segment Palisade Wall x5 |
| 8:41 | Ie cuack · wall_segment Palisade Wall x1 |
| 8:42 | Ie cuack · wall_segment Palisade Wall x1 |
| 8:44 | Ie cuack · wall_segment Palisade Wall x6 |
| 9:12 | Ie cuack · wall_segment Palisade Wall x12 |
| 9:14 | AnG22 · first_building Barracks |
| 9:37 | Ie cuack · wall_segment Palisade Wall x1 |
| 10:56 | Ie cuack · age_up feudal |
| 11:19 | AnG22 · age_up feudal |
| 11:22 | AnG22 · wall_segment Palisade Wall x1 |
| 11:36 | AnG22 · first_building Archery Range |
| 13:21 | Ie cuack · wall_segment Stone Wall x16 |
| 15:33 | Ie cuack · first_building Barracks |
| 15:52 | AnG22 · first_market_sell 100 wood |
| 15:56 | AnG22 · first_building Stable |
| 16:37 | Ie cuack · wall_segment Stone Wall x4 |
| 17:00 | Ie cuack · first_building Archery Range |
| 17:57 | Ie cuack · wall_segment Stone Wall x7 |
| 18:42 | Ie cuack · wall_segment Stone Wall x9 |
| 18:57 | AnG22 · age_up castle |
| 19:08 | AnG22 · first_market_buy 100 stone |
| 19:37 | Ie cuack · wall_segment Stone Wall x2 |
| 19:46 | AnG22 · first_building Castle |
| 20:36 | Ie cuack · wall_segment Palisade Wall x1 |
| 20:37 | Ie cuack · wall_segment Palisade Wall x1 |
| 21:19 | AnG22 · first_building Siege Workshop |
| 21:41 | Ie cuack · wall_segment Stone Wall x1 |
| 21:42 | Ie cuack · wall_segment Stone Wall x1 |
| 23:02 | Ie cuack · wall_segment Stone Wall x1 |
| 24:08 | Ie cuack · age_up castle |
| 25:32 | Ie cuack · first_market_sell 100 food |
| 25:33 | Ie cuack · first_market_buy 100 wood |
| 26:34 | Ie cuack · first_building Stable |
| 30:28 | Ie cuack · first_building Siege Workshop |
| 33:24 | AnG22 · age_up imperial |
| 36:29 | Ie cuack · wall_segment Palisade Wall x1 |
| 36:53 | Ie cuack · wall_segment Stone Wall x1 |
| 36:56 | Ie cuack · wall_segment Stone Wall x4 |
| 38:17 | Ie cuack · resign |
[ ANÁLISIS IA · 1 CRÉDITO ]
¿Qué pasó realmente en esta partida?
Wolo.gg analiza cada decisión: build order, eco, micro, errores típicos por bracket. Análisis personalizado por WhatsApp o Discord en 30 segundos.
Guía civ
Polacos
Perfil
Ie cuack